 Dungeon Crawl Stone Soup version 0.21.1-1-g345015f (webtiles) character file.

164 letownia2 the Conjurer (level 5, 28/28 HPs)
             Began as a Tengu Wizard on Mar 5, 2018.
             Quit the game in the Ecumenical Temple.
             The game lasted 00:07:15 (1179 turns).

letownia2 the Conjurer (Tengu Wizard)               Turns: 1179, Time: 00:07:16

Health: 28/28      AC:  3    Str:  8    XL:     5   Next: 45%
Magic:  10/10      EV: 12    Int: 19    God:
Gold:   136        SH:  0    Dex: 12    Spells: 4/10 levels left

rFire    . . .     SeeInvis .   a - +0 dagger
rCold    . . .     Gourm    .   (no shield)
rNeg     + . .     Faith    .   r - +0 leather armour
rPois    .         Spirit   .   b - +0 hat
rElec    .         Reflect  .   (no cloak)
rCorr    .         Harm     .   (no gloves)
MR       .....                  (boots unavailable)
Stlth    ++........             (no amulet)
HPRegen  0.09/turn              i - ring of positive energy
MPRegen  0.12/turn              (no ring)

@: no status effects
A: beak, talons 3, able to fly 1
a: Fly


You were in the Ecumenical Temple.
You were not hungry.

You visited 2 branches of the dungeon, and saw 6 of its levels.

You collected 136 gold pieces.

Inventory:

Hand Weapons
 a - a +0 dagger (weapon)
Armour
 b - a +0 hat (worn)
 g - a +0 robe
 r - a +0 leather armour (worn)
Jewellery
 i - a ring of positive energy (left hand)
Scrolls
 k - a scroll of identify
Potions
 e - a potion of curing
 h - 2 potions of brilliance {unknown}
 l - a potion of heal wounds {unknown}
 n - a potion of degeneration {unknown}
 p - a potion of magic {unknown}
Books
 c - a book of Minor Magic

   Spells                             Type                      Level
   a - Magic Dart                     Conjuration                  1
   b - Blink                          Translocation                2
   c - Call Imp                       Summoning                    2
   d - Slow                           Hexes                        2
   e - Conjure Flame                  Conjuration/Fire             3
   f - Mephitic Cloud                 Conjuration/Poison/Air       3
Comestibles
 d - 4 rations
 m - 5 chunks of flesh


   Skills:
 + Level 0.2 Fighting
 + Level 0.2 Armour
 + Level 2.2 Dodging
 - Level 2.0 Stealth
 - Level 3.0 Spellcasting
 - Level 5.8 Conjurations
 - Level 1.2 Summonings
   Level 0.7 Translocations
 - Level 2.9 Air Magic


You had 4 spell levels left.
You knew the following spells:

 Your Spells              Type           Power        Failure   Level  Hunger
a - Magic Dart            Conj           ####         1%          1    None
e - Mephitic Cloud        Conj/Pois/Air  ##......     19%         3    ###....
i - Call Imp              Summ           #.......     21%         2    ##.....


Dungeon Overview and Level Annotations

Branches:
Dungeon (5/15)             Temple (1/1) D:5

Altars:
Ashenzari
Dithmenos
Fedhas
Gozag
Hepliaklqana
Kikubaaqudgha
Makhleb
Nemelex Xobeh
Uskayaw
Vehumet
Wu Jian
Xom
Yredelemnul


Innate Abilities, Weirdness & Mutations

You have a beak for a mouth.
You have claws for feet.
You can fly.


Message History

The scroll dissolves into smoke.
It was a scroll of fog.
As you read the scroll labeled MIKKUPTASK, it crumbles to dust.
You feel blessed for a moment.
It was a scroll of remove curse.
As you read the scroll labeled XESTREA BE TUXI, it crumbles to dust.
The dust glows dull charcoal!
It was a scroll of random uselessness.
As you read the scroll labeled YFOCOTU OFIRGHU, it crumbles to dust.
It is a scroll of amnesia.
Okay, then.
Unknown command.
Blink to where?
Press: ? - help, Dir - move target cursor Are you sure you want to cancel this blink?
Okay, then.
As you read the scroll labeled HIOWATO KURUDA, it crumbles to dust.
It was a scroll of blinking.
As you read the scroll labeled ZIDAQAEJUG, it crumbles to dust.
It is a scroll of identify.
e - a potion of curing
Okay, then.
Are you sure you want to abandon this character and quit the game? (Confirm with "yes".)

#≈≈.....#._.#.....≈§#
##≈.._...#...#......≈#
#≈.......8...8.......≈
≈.................._..
#≈...................≈
#####8.........8####
##......§§...........#
#≈.._..§§§§<......_..≈
##.....§@§...........#
#####8§§§§.....8#####
.§...§.§...........
.§§.................
§.......8...8.......
#§§.....#...#..._..≈
#§≈.....#._.#.....≈≈
#≈§≈.._.#...#....≈≈≈
#≈§≈...#...#...≈≈≈#


There were no monsters in sight!

Vanquished Creatures
  An ogre (D:4)
  A hound (D:4)
  3 adders
  2 adder skeletons (D:4)
  3 orcs (D:4)
  2 giant cockroaches (D:4)
  A goblin (D:3)
  3 hobgoblins
16 creatures vanquished.

Vanquished Creatures (others)
  9 toadstools (D:3)
9 creatures vanquished.

Grand Total: 25 creatures vanquished

Notes
Turn   | Place    | Note
-------+----------+-------------------------------------------
     0 | D:1      | letownia2 the Tengu Wizard began the quest for the Orb.
     0 | D:1      | Reached XP level 1. HP: 10/10 MP: 5/5
    26 | D:1      | Reached skill level 2 in Conjurations
   119 | D:3      | Reached skill level 3 in Conjurations
   119 | D:3      | Reached XP level 2. HP: 9/15 MP: 0/7
   182 | D:3      | Learned a level 2 spell: Call Imp
   304 | D:2      | Found a basalt altar of Yredelemnul.
   422 | D:4      | Reached skill level 4 in Conjurations
   422 | D:4      | Reached XP level 3. HP: 19/19 MP: 3/8
   427 | D:4      | Learned a level 3 spell: Mephitic Cloud
   462 | D:4      | Found a hazy altar of Hepliaklqana.
   507 | D:4      | Noticed an ogre
   712 | D:4      | Killed an ogre
   712 | D:4      | Reached skill level 5 in Conjurations
   712 | D:4      | Reached XP level 4. HP: 24/24 MP: 3/9
   712 | D:4      | Gained mutation: You can fly. [Tengu growth]
   712 | D:4      | Reached XP level 5. HP: 28/28 MP: 3/10
   856 | D:4      | Found an ornate altar of the Wu Jian Council.
  1068 | D:5      | Entered Level 5 of the Dungeon
  1125 | D:5      | Found a staircase to the Ecumenical Temple.
  1151 | Temple   | Entered the Ecumenical Temple
  1179 | Temple   | Quit the game

Skill      XL: |  1  2  3 |
---------------+----------+-----
Conjurations   | 3 4 5 |  5.8
Air Magic      | 2 |  2.9
Fighting       | |  0.2
Armour         | |  0.2
Dodging        | |  2.2
Stealth        | |  2.0
Spellcasting   | |  3.0
Summonings     | |  1.2
Translocations | |  0.7

Action                   |  1- 3 |  4- 6 || total
-------------------------+-------+-------++-------
Melee: Unarmed           |     4 |       ||     4
       Kick              |     8 |     1 ||     9
       Peck              |     2 |     1 ||     3
       Dagger            |    18 |     4 ||    22
 Cast: Magic Dart        |    32 |    21 ||    53
       Mephitic Cloud    |     3 |     1 ||     4
  Use: Scroll            |       |     6 ||     6
  Eat: Chunk             |       |     1 ||     1
Armor: Robe              |     4 |       ||     4
       Leather armour    |       |     1 ||     1
Dodge: Dodged            |    14 |    13 ||    27
